Map: 冰雪合金-天梯版

Players

iGCoffeeMs (Coffee)

  • Race: Terran Terran
  • League: Master

iGMacSed (MacSed) - Winner!

  • Race: Protoss Protoss
  • League: Master

Event: DreamHack SC2 Masters 2020 Fall

VOD

Have the link to the VOD?

Description

Time

  • Played on: Sept. 2, 2020, 8:47 a.m.
  • Length: 12:25

All games in this series

Show
View Real Time Build Order
Export as new Build Order

iGCoffeeMs Terran 

Build Orders:  

Get SALT Encoding   

  12  0:00  SCV  
  13  0:12  SCV  
  14  0:17  Supply Depot  
  14  0:24  SCV  
  15  0:38  SCV  
  15  0:39  Barracks  
  16  0:46  Supply Depot  
  16  0:51  SCV  
  17  1:03  SCV  
  18  1:08  Engineering Bay  
  18  1:15  SCV  
  19  1:26  Marine  
  19  1:27  Orbital Command  
  20  1:53  Command Center, Marine  
  21  1:55  SCV  
  22  2:06  Barracks  
  22  2:08  SCV  
  23  2:12  Refinery  
  23  2:14  Refinery  
  23  2:15  Marine  
  24  2:20  SCV  
  25  2:24  Bunker  
  25  2:32  SCV  
  25  2:33  Marine  
  27  2:44  SCV  
  28  2:51  Barracks Reactor  
  28  2:55  Barracks Tech Lab  
  28  2:59  SCV  
  28  3:05  Engineering Bay, Orbital Command  
  29  3:12  SCV  
  29  3:13  Factory  
  28  3:24  SCV  
  29  3:28  Marine x2  
  29  3:29  Stimpack  
  29  3:31  Marine  
  32  3:38  Missile Turret  
  32  3:39  SCV  
  33  3:42  SCV  
  34  3:52  SCV  
  34  3:55  Marine x3  
  35  3:59  SCV  
  35  4:01  Supply Depot  
  39  4:05  SCV  
  39  4:06  Starport  
  39  4:08  Factory Reactor  
  40  4:13  SCV  
  40  4:17  SCV  
  40  4:18  Marine x3  
  44  4:25  SCV  
  44  4:28  Supply Depot  
  44  4:29  SCV, Refinery  
  46  4:35  Marine x2  
  46  4:36  Marine  
  49  4:39  SCV  
  49  4:41  SCV  
  51  4:48  Supply Depot  
  51  4:51  SCV  
  52  4:53  SCV  
  52  4:54  Medivac x2  
  52  4:56  Barracks  
  52  4:57  Factory Tech Lab  
  57  5:03  SCV  
  57  5:05  Missile Turret  
  58  5:09  SCV, Combat Shield  
  58  5:10  Marine x2  
  58  5:12  Marine  
  61  5:22  SCV x2  
  61  5:24  Siege Tank  
  66  5:29  Supply Depot  
  66  5:32  Starport Reactor, Marine x3  
  66  5:35  Supply Depot  
  69  5:36  Terran Infantry Weapons Level 1  
  69  5:44  SCV  
  69  5:48  Supply Depot  
  70  5:50  SCV  
  70  5:52  Marine x3  
  70  5:53  Marine  
  70  5:55  Marauder  
  77  5:59  Siege Tank  
  80  6:07  Supply Depot  
  80  6:13  Marine x4  
  84  6:22  Marauder  
  85  6:29  Supply Depot  
  85  6:31  Marine x4, Siege Tank  
  92  6:34  Medivac x2  
  92  6:38  Supply Depot  
  92  6:39  SCV  
  97  6:40  SCV  
  97  6:41  Concussive Shells  
  98  6:49  Refinery  
  98  6:50  Marauder  
  98  6:53  Marine  
  98  6:54  Marine x3  
  104  7:03  SCV x2  
  104  7:07  Command Center  
  106  7:15  Viking  
  107  7:16  Viking  
  107  7:19  Supply Depot  
  107  7:22  Supply Depot  
  109  7:23  Marauder, Marine x3  
  114  7:33  Barracks x2  
  114  7:37  Supply Depot  
  111  7:53  Marauder, Marine x4  
  111  7:54  Viking, Siege Tank  
  122  8:11  Marine x3  
  125  8:15  Marauder  
  127  8:20  Barracks Tech Lab x2  
  127  8:21  Orbital Command  
  117  8:32  Marine  
  103  8:36  Marauder  
  103  8:38  Marine x2  
  103  8:41  Marauder  
  89  8:43  Marauder, Marine  
  77  8:49  SCV  
  77  8:50  Marine  
  78  8:56  Marine  
  78  8:57  Marauder  
  78  8:59  SCV  
  78  9:00  Orbital Command  
  78  9:02  Marauder, Marine  
  85  9:03  Siege Tank  
  85  9:08  SCV  
  89  9:11  Viking x2, SCV, Marauder  
  89  9:13  Marine x2  
  98  9:18  Terran Infantry Armor Level 1  
  98  9:19  Marauder  
  98  9:20  SCV  
  98  9:23  SCV  
  102  9:34  Marauder x2, Marine x4  
  102  9:36  SCV x3  
  113  9:39  Siege Tank  
  116  9:46  Viking  
  116  9:47  Viking  
  119  9:57  Marauder x3  
  125  10:01  Marine x2  
  125  10:02  Marine x2  
  127  10:16  Siege Tank  
  127  10:18  Refinery x2  
  127  10:19  Marauder x3  
  127  10:20  Bunker  
  136  10:21  Liberator x2  
  136  10:24  Marine x3  
  136  10:25  Marine  
  136  10:27  Supply Depot  
  146  10:29  Supply Depot  
  146  10:40  Marauder x3  
  152  10:44  SCV x2, Missile Turret  
  152  10:46  Marine x3  
  152  10:48  Marine  
  158  10:53  Supply Depot  
  158  11:00  Supply Depot x2  
  158  11:09  Marauder x3, Marine x3  
  166  11:17  Supply Depot x2  
  166  11:20  Engineering Bay  
  166  11:25  Armory  
  165  11:26  Siege Tank  
  138  11:42  Marauder, Marine  
  138  11:44  Marauder  
  138  11:45  Marauder  
  100  11:53  SCV  
  84  11:55  Marine x3  
  84  12:00  Marine  
Show
View Real Time Build Order
Export as new Build Order

iGMacSed Protoss - Winner!

Build Orders: 1 Gate Expand, Phoenix Opening 

Get SALT Encoding   

  12  0:00  Probe  
  13  0:12  Probe  
  14  0:17  Pylon  
  14  0:24  Probe (Chrono Boost)  
  15  0:37  Probe (Chrono Boost), Gateway  
  16  0:43  Probe (Chrono Boost)  
  16  0:46  Assimilator  
  17  0:51  Probe  
  18  1:03  Probe  
  19  1:15  Probe  
  20  1:24  Cybernetics Core  
  20  1:32  Probe  
  21  1:39  Nexus  
  21  1:42  Pylon  
  21  1:46  Probe  
  22  1:52  Assimilator  
  22  1:58  Probe, Adept (Chrono Boost)  
  25  2:10  Probe  
  26  2:22  Probe  
  27  2:25  Stargate  
  27  2:27  Adept  
  29  2:34  Probe (Chrono Boost)  
  30  2:45  Probe (Chrono Boost)  
  30  2:47  Shield Battery  
  30  2:52  Probe (Chrono Boost)  
  30  2:53  Probe (Chrono Boost)  
  32  2:59  Adept  
  32  3:03  Probe (Chrono Boost)  
  32  3:04  Probe (Chrono Boost)  
  36  3:08  Phoenix (Chrono Boost)  
  36  3:10  Probe  
  40  3:12  Probe  
  40  3:22  Probe  
  40  3:25  Probe  
  42  3:31  Phoenix (Chrono Boost)  
  42  3:32  Pylon  
  44  3:34  Probe  
  44  3:37  Probe  
  44  3:40  Gateway  
  46  3:45  Gateway  
  46  3:50  Probe  
  46  3:52  Phoenix  
  46  3:54  Probe  
  50  3:57  Warp Gate (Chrono Boost)  
  50  4:02  Probe, Sentry  
  53  4:06  Probe  
  54  4:19  Pylon  
  54  4:27  Nexus  
  54  4:31  Pylon  
  54  4:37  Probe x2, Phoenix  
  58  4:49  Probe x2, Shield Battery  
  58  4:50  Robotics Facility  
  60  4:55  Assimilator  
  60  4:57  Assimilator  
  60  5:01  Probe x2  
  60  5:02  Pylon  
  60  5:04  Pylon  
  62  5:13  Probe x2  
  64  5:25  Probe x2  
  64  5:27  Pylon  
  66  5:29  Pylon  
  66  5:32  Phoenix  
  68  5:37  Probe x2  
  68  5:39  Adept x2  
  68  5:40  Adept  
  74  5:46  Robotics Bay  
  74  5:48  Forge  
  74  5:50  Probe  
  74  5:51  Probe  
  74  5:53  Probe  
  77  5:57  Shield Battery, Phoenix  
  77  6:00  Adept x3  
  85  6:05  Probe  
  85  6:09  Probe  
  87  6:13  Pylon  
  87  6:17  Protoss Ground Weapons Level 1  
  88  6:18  Observer  
  88  6:19  Gateway  
  88  6:20  Gateway  
  88  6:24  Phoenix  
  90  6:29  Pylon  
  90  6:30  Probe, Pylon  
  91  6:33  Zealot x2  
  91  6:36  Colossus (Chrono Boost)  
  101  6:47  Extended Thermal Lance (Chrono Boost)  
  101  6:53  Probe x2  
  103  6:54  Gateway  
  103  6:57  Gateway  
  101  7:03  Stalker x3  
  107  7:10  Shield Battery  
  107  7:11  Probe x3  
  107  7:12  Shield Battery  
  110  7:16  Colossus (Chrono Boost)  
  116  7:23  Probe, Assimilator  
  116  7:24  Assimilator  
  116  7:28  Sentry, Photon Cannon  
  119  7:31  Probe  
  119  7:35  Probe  
  121  7:41  Zealot x4  
  129  7:53  Twilight Council  
  129  8:00  Zealot x3, Colossus (Chrono Boost)  
  128  8:29  Zealot x7  
  128  8:33  Phoenix  
  102  8:43  Colossus (Chrono Boost)  
  102  8:49  Stalker x4, Zealot  
  102  8:50  Zealot x2  
  102  8:51  Probe x2, Protoss Ground Weapons Level 2 (Chrono Boost)  
  102  8:54  Charge (Chrono Boost)  
  118  8:59  Probe  
  117  9:03  Probe  
  117  9:05  Phoenix (Chrono Boost)  
  120  9:11  Templar Archives  
  120  9:18  Zealot x5  
  120  9:23  Gateway  
  130  9:25  Photon Cannon  
  130  9:27  Shield Battery  
  130  9:35  Immortal (Chrono Boost)  
  130  9:37  Nexus  
  134  9:40  Pylon  
  134  9:46  Psionic Storm  
  132  10:02  High Templar x3  
  132  10:05  Photon Cannon  
  132  10:07  Photon Cannon  
  138  10:16  High Templar  
  138  10:17  Warp Prism  
  138  10:18  High Templar  
  138  10:20  Probe x2  
  146  10:24  Photon Cannon  
  146  10:25  Shield Battery, Blink (Chrono Boost)  
  146  10:31  Zealot  
  148  10:39  Probe  
  148  10:41  Pylon  
  148  10:42  Pylon  
  149  10:43  Pylon  
  149  10:47  Pylon  
  149  10:50  Zealot x6  
  149  10:56  High Templar  
  163  11:01  Pylon  
  163  11:02  High Templar  
  165  11:05  Immortal (Chrono Boost)  
  165  11:07  Archon  
  165  11:09  Probe x4  
  171  11:15  High Templar x2  
  171  11:17  Stalker  
  171  11:18  Zealot x3  
  183  11:19  Archon  
  183  11:21  Probe x2  
  183  11:24  Probe x2  
  185  11:33  Probe  
  166  11:41  Zealot x6  
  166  11:43  Archon  
  154  11:52  Warp Prism (Chrono Boost)  
  152  11:54  Zealot x2  
  158  12:01  Gateway  
  158  12:04  Stalker x5  
  158  12:05  Gateway  
  160  12:16  Zealot x3  

Tags
 
Add a new tag
Caveats
  • Supply blocks, unpowered buildings, or Contaminate may cause inaccurate times.
  • Supply counts are checked every 10 seconds.